 Dungeon Crawl Stone Soup version 0.25.1-8-g42b30a86e7 (webtiles) character file.

Game seed: 5100882329405899552

378 Clowww109 the Chopper (level 6, 34/48 HPs)
             Began as a Demonspawn Fighter on Dec 19, 2020.
             Quit the game on level 3 of the Dungeon.
             The game lasted 00:04:32 (2413 turns).

Clowww109 the Chopper (Demonspawn Fighter)          Turns: 2413, Time: 00:04:32

Health: 34/48      AC:  8    Str: 19    XL:     6   Next: 45%
Magic:  6/6        EV:  8    Int:  9    God:
Gold:   108        SH:  9    Dex: 12    Spells: 5/5 levels left

rFire    . . .     SeeInvis .   a - +0 war axe
rCold    . . .     Gourm    .   c - +0 kite shield
rNeg     . . .     Faith    .   b - +0 scale mail
rPois    .         Spirit   .   (no helmet)
rElec    .         Reflect  .   (no cloak)
rCorr    .         Harm     .   q - +0 pair of gloves
MR       .....                  (no boots)
Stlth    ..........             (no amulet)
HPRegen  0.16/turn              (no ring)
MPRegen  0.10/turn              (no ring)

@: no status effects
A: claws 2, talons 1, powered by death 1
a: no special abilities


You were on level 3 of the Dungeon.
You were not hungry.

You visited 1 branch of the dungeon, and saw 3 of its levels.

You collected 108 gold pieces.

Inventory:

Hand Weapons
 a - a +0 war axe (weapon)
Armour
 b - a +0 scale mail (worn)
 c - a +0 kite shield (worn)
 q - a +0 pair of gloves (worn)
Jewellery
 o - an uncursed ring of protection from fire {unknown}
Scrolls
 e - a scroll of teleportation {unknown}
 h - 4 scrolls of identify {unknown}
 p - a scroll of enchant weapon {unknown}
 t - a scroll of fog {unknown}
Potions
 d - 2 potions of might
 g - 2 potions of stabbing {unknown}
 i - 2 potions of flight {unknown}
 j - a potion of curing {unknown}
 k - a potion of resistance {unknown}
 l - a potion of cancellation {unknown}
 m - a potion of mutation {unknown}
 n - 2 potions of degeneration {unknown}
 s - a potion of haste {unknown}
Comestibles
 f - 9 rations
 r - 3 chunks of flesh


   Skills:
 + Level 4.0 Fighting
 + Level 4.1 Axes
 + Level 3.6 Armour
 + Level 1.5 Dodging
 + Level 0.3 Stealth
 + Level 3.6 Shields


You had 5 spell levels left.
You didn't know any spells.
Your spell library was empty.

Dungeon Overview and Level Annotations

Branches:
Dungeon (3/15)

Altars:
Yredelemnul


Innate Abilities, Weirdness & Mutations

You have very sharp fingernails.
You have sharp toenails.
You regenerate a little health from kills.


Message History

You hit Grinder but do no damage.
Grinder is lightly wounded.
Grinder hits you.
You slash Grinder!
Grinder is heavily wounded.
Grinder hits you but does no damage. x2
You slash Grinder! Your kick misses Grinder.
Grinder is severely wounded.
Grinder hits you but does no damage.
You slash Grinder!
You kill Grinder!
Your Fighting skill increases to level 4!
Your Axes skill increases to level 4!
You have reached level 6!
Your experience leads to an increase in your attributes!
Increase (S)trength, (I)ntelligence, or (D)exterity?
You feel stronger.
Your demonic ancestry asserts itself...
A wave of death washes over you.
n - 2 green potions (gained 1) Are you sure you want to abandon this character and quit the game? (Confirm with "yes".)

.....## #.. ...#..##
....## รท).##..###.#
... ...##......#
#..# .........###
#..##
.........#####...#
.............##).#
...#.....###.##..#
####............@###
#.....###.......#
#.....# ##......#
#.....# #......#
####### #......#
########


There were no monsters in sight!

Vanquished Creatures
  Grinder (D:3)
  Jessica (D:3)
  Natasha (thrice) (D:2)
  3 adders
  A worm (D:3)
  2 dart slugs
  5 leopard geckos
  An orc (D:3)
  2 giant cockroaches (D:2)
  3 goblins
  12 hobgoblins
  4 jackals (D:3)
  A quokka (D:3)
  A bat (D:1)
  5 frilled lizards
  6 kobolds
  6 rats
57 creatures vanquished.

Notes
Turn   | Place    | Note
-------+----------+-------------------------------------------
     0 | D:1      | Clowww109 the Demonspawn Fighter began the quest for the
                  | Orb.
     0 | D:1      | Reached XP level 1. HP: 18/18 MP: 1/1
   295 | D:1      | Gained mutation: You have sharp fingernails. [demonic
                  | ancestry]
   295 | D:1      | Reached XP level 2. HP: 16/24 MP: 2/2
   946 | D:2      | Noticed Natasha
   949 | D:2      | Noticed a crimson imp
   953 | D:2      | Noticed a crimson imp
   953 | D:2      | Killed Natasha
   953 | D:2      | Gained mutation: You have sharp toenails. [demonic
                  | ancestry]
   953 | D:2      | Reached XP level 3. HP: 17/29 MP: 3/3
   956 | D:2      | Noticed Natasha
   964 | D:2      | Killed Natasha
   964 | D:2      | Reached skill level 1 in Dodging
   964 | D:2      | Reached XP level 4. HP: 14/35 MP: 4/4
  1025 | D:2      | Noticed Natasha
  1036 | D:2      | Killed Natasha
  1774 | D:2      | Found a basalt altar of Yredelemnul.
  1858 | D:3      | Gained mutation: You have very sharp fingernails. [demonic
                  | ancestry]
  1858 | D:3      | Reached XP level 5. HP: 40/41 MP: 5/5
  2043 | D:3      | Noticed Jessica
  2051 | D:3      | Killed Jessica
  2400 | D:3      | Noticed Grinder
  2408 | D:3      | Killed Grinder
  2408 | D:3      | Gained mutation: You regenerate a little health from kills.
                  | [demonic ancestry]
  2408 | D:3      | Reached XP level 6. HP: 33/48 MP: 6/6
  2413 | D:3      | Quit the game

Illustrated notes

Levels and vault maps discovered:
D:1:      dpeg_arrival_pond, layout_loops_ring
D:2:      layout_rooms, nicolae_overflow_hidden_temple, uniq_natasha
D:3:      layout_rooms, uniq_crazy_yiuf_cottage, uniq_jessica, uniq_grinder

Skill      XL: |  1  2  3  4  5 |
---------------+----------------+-----
Axes           | 2 3 4 |  4.1
Armour         | 3 |  3.6
Shields        | 3 |  3.6
Dodging        | 1 |  1.5
Fighting       | 4 |  4.0
Stealth        | |  0.3

Action                   |  1- 3 |  4- 6 || total
-------------------------+-------+-------++-------
Melee: War axe           |    61 |    78 ||   139
       Kick              |     2 |    14 ||    16
  Eat: Chunk             |       |     5 ||     5
Armor: Scale mail        |    28 |    29 ||    57
Dodge: Dodged            |    15 |    40 ||    55
Block: Kite shield       |    35 |    50 ||    85
